 Dungeon Crawl Stone Soup version 0.30-a0-696-g2367cd04db (webtiles) character file.

Game seed: 14095865520731682628

2119 demibob the Basher (level 9, -5/80 HPs)
             Began as a Troll Berserker on Jan 21, 2023.
             Was an Elder of Trog.
             Slain by an orc warrior
             ... wielding a +0 war axe
              (10 damage)
             ... in a bailey.
             The game lasted 00:08:57 (5405 turns).

demibob the Basher (Troll Berserker)                Turns: 5405, Time: 00:08:58

Health: -5/80      AC:  8    Str: 27    XL:     9   Next: 8%
Magic:  8/8        EV: 10    Int:  5    God:    Trog [****..]
Gold:   323        SH:  0    Dex: 11    Spells: 8/8 levels left

rFire   . . .      SeeInvis +    q - +1 mace (protect)
rCold   . . .      Faith    +    (no shield)
rNeg    + . .      Spirit   .    w - +0 steam dragon scales
rPois   .          Reflect  .    (helmet restricted)
rElec   .          Harm     .    n - +0 cloak
rCorr   .          Rampage  .    (gloves unavailable)
Will    +....                    (boots unavailable) Stlth
                                 h - amulet of Alememid {Faith rN+ Will+ Slay+5 Stlth-}
HPRegen 1.13/turn                Y - +4 ring of slaying
MPRegen 0.11/turn                v - ring of see invisible

@: on berserk cooldown
A: large, unfitting armour, claws 3, regeneration 1, shaggy fur 1, tough skin 1
a: Renounce Religion, Berserk, Trog's Hand, Brothers in Arms


You were in a bailey.
You worshipped Trog.
Trog was greatly pleased with you.
You visited 1 branch of the dungeon, and saw 7 of its levels.
You also visited: Bailey.

You collected 323 gold pieces.


Innate Abilities, Weirdness & Mutations

You are too large for most types of armour.
You have claws for hands.
Your natural rate of healing is unusually fast.
You are covered in fur. (AC +1)
You have tough skin. (AC +1)


   Skills:
 - Level 2.4 Fighting
 + Level 11.3 Maces & Flails
 - Level 2.4 Dodging


You had 8 spell levels left.
You didn't know any spells.
Your spell library was empty.

Inventory:

Hand Weapons
 a - a +0 mace
 q - a +1 mace of protection (weapon)
 x - a +0 giant club
Missiles
 f - 19 poisoned darts
 r - 3 atropa-tipped darts
 y - 17 boomerangs (quivered)
Armour
 n - a +0 cloak (worn)
 w - +0 steam dragon scales (worn)
Jewellery
 h - the amulet of Alememid (around neck) {Faith rN+ Will+ Slay+5 Stlth-}
   (You acquired it on level 2 of the Dungeon)

   [amulet of faith]

   It allows you to gain divine favour quickly.
   Slay:      It affects your accuracy & damage with ranged weapons and melee
   (+5).
   rN:        It protects you from negative energy.
   Will:      It increases your willpower.
   Stlth:     It makes you less stealthy.
 v - a ring of see invisible (right claw)
 D - a +6 ring of dexterity
 F - a ring of fire
 W - a ring of willpower
 Y - a +4 ring of slaying (left claw)
Wands
 e - a wand of polymorph (2)
 m - a wand of paralysis (6)
Scrolls
 o - 2 scrolls of fog
 t - 3 scrolls of enchant weapon
Potions
 b - a potion of might {unknown}
 c - 4 potions of brilliance {unknown}
 d - 2 potions of attraction {unknown}
 g - a potion of haste {unknown}
 i - 2 potions of mutation
 j - a potion of flight {unknown}
 k - 2 potions of curing {@q1}
 l - a potion of lignification {unknown}
 p - a potion of heal wounds {unknown}
 s - a potion of berserk rage {unknown}
 u - a potion of magic {unknown}

Dungeon Overview and Level Annotations

Branches:
Dungeon (7/15)             Bailey (1/1)
 Temple: D:4-7

Altars:
Ashenzari
Wu Jian

.... K..... ......
..... ...▒ ▒▒▒'▒▒▒
▒▒o.(..▒▒
▒@o)8...▒
▒§K)..)∩▒
▒▒.....▒▒
▒▒▒▒+++▒▒▒▒
▒~.......~▒▒
▒~~.......~~▒▒▒▒▒
..~~.......~~....▒
▒▒~~.......~~▒▒▒.▒
..~~.......~~....▒


You could see 2 orc warriors and a kobold brigand.


Message History

The orc warrior hits you with a +0 war axe!
* * * LOW HITPOINT WARNING * * *
The orc warrior closely misses you.
The orc warrior hits your ogre with a +0 war axe.
The kobold brigand hits you with a +0 war axe.
* * * LOW HITPOINT WARNING * * *
The kobold brigand hits your ogre with a +0 war axe.
The orc warrior hits you but does no damage.
Unknown command.
Unknown command.
You feel better.
Your ogre closely misses the orc warrior.
The orc warrior closely misses you.
The orc warrior hits you with a +0 war axe!
* * * LOW HITPOINT WARNING * * *
The orc warrior hits your ogre with a +0 war axe!
The kobold brigand hits you but does no damage.
The kobold brigand hits your ogre with a +0 war axe!
You feel better.
You feel yourself speed up.
Your ogre barely misses the kobold brigand.
The orc warrior misses you. The kobold brigand closely misses you.
The kobold brigand hits your ogre with a +0 war axe!
Your ogre dies!
Your ogre's corpse disappears in a puff of smoke!
The orc warrior hits you with a +0 war axe!
* * * LOW HITPOINT WARNING * * *
The kobold brigand barely misses you.
The orc warrior hits you with a +0 war axe!
You die...

Skill      XL: |  1  2  3  4  5  6  7  8 |
---------------+-------------------------+-----
Maces & Flails | 3 4 5 6 7 9 11 | 11.3
Fighting       | |  2.4
Dodging        | |  2.4

Action                   |  1- 3 |  4- 6 |  7- 9 || total
-------------------------+-------+-------+-------++-------
Melee: Mace              |    78 |   158 |   169 ||   405
       Punch             |     1 |     2 |     2 ||     5
Invok: Berserk           |       |     2 |     4 ||     6
       Brothers in Arms  |       |       |     3 ||     3
       Trog's Hand       |       |       |     1 ||     1
  Use: Scroll            |     3 |     9 |     2 ||    14
       Potion            |       |       |     4 ||     4
Armor: Animal skin       |    26 |    55 |    48 ||   129
       Steam dragon scal |       |       |    38 ||    38
Dodge: Dodged            |    30 |    59 |   106 ||   195

Levels and vault maps discovered:
D:1:      wander_arrival_chamber, layout_basic
D:2:      layout_loops_corners, kennysheep_donut
D:3:      minmay_spotlight, layout_basic, evilmike_ruin_ashenzari
D:4:      mumra_celtic_spiral_tile, layout_loops_corners,
          minmay_misc_feat_rugged, chequers_avenue, minmay_pentangle
D:5:      layout_rooms, minmay_ogre_servants
D:6:      layout_rooms, nicolae_wu_jian_immortal_techniques, st_stairs_2
D:7:      layout_basic, nicolae_overflow_hidden_temple,
          minmay_temple_entry_glassed_door, enter_bailey_3,
          minmay_quadrilaterals
Bailey:   bailey_axe_3, bailey

Notes
Turn   | Place    | Note
-------+----------+-------------------------------------------
     0 | D:1      | demibob the Troll Berserker began the quest for the Orb.
     0 | D:1      | Reached XP level 1. HP: 22/22 MP: 0/0
    28 | D:1      | Reached skill level 3 in Maces & Flails
    39 | D:1      | Reached XP level 2. HP: 29/29 MP: 1/1
   356 | D:1      | Reached XP level 3. HP: 36/36 MP: 2/2
   636 | D:1      | Reached skill level 4 in Maces & Flails
   988 | D:2      | You fall into a shaft and drop 1 floor!
  1007 | D:3      | Reached ** piety under Trog
  1008 | D:3      | Reached XP level 4. HP: 42/44 MP: 3/3
  1479 | D:2      | Reached skill level 5 in Maces & Flails
  2034 | D:2      | Identified a scroll of acquirement
  2034 | D:2      | Acquired the amulet of Alememid {Faith rN+ Will+ Slay+5
                  | Stlth-}
  2214 | D:3      | Reached XP level 5. HP: 50/50 MP: 4/4
  2391 | D:3      | Identified the +0 short sword of Banin {spect, *Rage rF+
                  | rC+++ rCorr}
  2471 | D:3      | Found a broken altar of Ashenzari.
  2512 | D:3      | Reached *** piety under Trog
  2552 | D:3      | Reached skill level 6 in Maces & Flails
  3003 | D:4      | Reached XP level 6. HP: 59/59 MP: 5/5
  3208 | D:4      | Reached skill level 7 in Maces & Flails
  3352 | D:4      | Reached XP level 7. HP: 64/66 MP: 6/6
  3417 | D:4      | Reached **** piety under Trog
  3573 | D:4      | Identified the +7 mace of Fedhas's Generosity {drain, rF-
                  | Str+8 Dex-3 Stlth+}
  4045 | D:5      | Entered Level 5 of the Dungeon
  4056 | D:5      | Reached skill level 8 in Maces & Flails
  4222 | D:5      | Identified the +1 ring mail of Inevitability {+Blink rCorr
                  | Int+4 Dex+4}
  4612 | D:6      | Reached skill level 9 in Maces & Flails
  4612 | D:6      | Reached XP level 8. HP: 72/74 MP: 7/7
  4756 | D:6      | Reached skill level 10 in Maces & Flails
  5001 | D:6      | Found an ornate altar of the Wu Jian Council.
  5253 | D:7      | Found a flagged portal.
  5274 | Bailey   | Entered a bailey
  5297 | Bailey   | Reached ***** piety under Trog
  5382 | Bailey   | Reached skill level 11 in Maces & Flails
  5395 | Bailey   | Reached XP level 9. HP: 32/80 MP: 8/8
  5403 | Bailey   | HP: 6/80 [orc warrior/+0 war axe (7)]
  5405 | Bailey   | Slain by an orc warrior

Vanquished Creatures
  A steam dragon (D:6)
  An ice beast (D:6)
  An orc warrior (Bailey)
  An ogre (D:5)
  2 phantoms
  4 kobold brigands (Bailey)
  2 necrophages
  A gnoll sergeant (D:6)
  2 scorpions
  3 howler monkeys
  2 hounds (D:5)
  3 jellies
  4 iguanas
  6 orc wizards
  5 gnolls (D:6)
  14 adders
  An ufetubus (D:6)
  3 worms
  6 dart slugs
  17 orcs
  5 ball pythons
  6 bats
  17 endoplasms
  2 giant cockroaches (D:4)
  17 goblins
  8 hobgoblins
  3 jackals (D:3)
  3 quokkas
  10 frilled lizards
  16 kobolds
  7 rats
173 creatures vanquished.

Vanquished Creatures (collateral kills)
  2 kobold brigands (Bailey)
2 creatures vanquished.

Grand Total: 175 creatures vanquished

Table legend: (Time is in decaauts)
 A = Elapsed time spent in this place.
 B = Non-inter-level travel time spent in this place.
 C = Inter-level travel time spent in this place.
 D = Time resting spent in this place.
 E = Time spent auto-exploring this place.
 F = Levels seen in this place.
 G = Mean time per level.
                   A        B        C        D        E       F      G
               +--------+--------+--------+--------+--------+-----+--------+
         Total |   5472 |   5348 |    124 |    479 |   3821 |   8 |  684.0 |
       Dungeon |   5341 |   5217 |    124 |    475 |   3779 |   7 |  763.0 |
        Bailey |    131 |    131 |      0 |      4 |     42 |   1 |  131.0 |
               +--------+--------+--------+--------+--------+-----+--------+

Top non-repeatable levels by time:
     D:4: 1216 daAuts
     D:2: 1131 daAuts
     D:1: 960 daAuts
     D:3: 788 daAuts
     D:6: 627 daAuts
     D:5: 567 daAuts
  Bailey: 131 daAuts
     D:7: 48 daAuts

Table legend:
 A = Non-vault XP
 B = Vault XP
 C = Vault XP percentage of total XP
 D = Non-vault monster count
 E = Vault monster count
 F = Vault count percentage of total count
                 A         B        C        D         E       F
            +---------+---------+-------+---------+---------+-------
      Total |    1728 |    1300 |  42.9 |     124 |      51 |  29.1
            +---------+---------+-------+---------+---------+-------
        D:1 |      61 |       0 |   0.0 |      29 |       0 |   0.0
        D:2 |      55 |       0 |   0.0 |      17 |       0 |   0.0
        D:3 |     225 |      19 |   7.8 |      33 |       6 |  15.4
        D:4 |     328 |     176 |  34.9 |      15 |      12 |  44.4
        D:5 |     427 |     131 |  23.5 |      11 |       9 |  45.0
        D:6 |     593 |     238 |  28.6 |      17 |       2 |  10.5
        D:7 |      39 |       7 |  15.2 |       2 |       4 |  66.7
     Bailey |       0 |     729 | 100.0 |       0 |      18 | 100.0
            +---------+---------+-------+---------+---------+-------
